[Event "Titled Tuesday Blitz June 6 Early 2023"]
[White "Martinez Ramirez, Lennis"]
[Black "Babazada, Khazar"]
[WhiteFideId "3509079"]
[BlackFideId "13413554"]
[WhiteElo "2410"]
[BlackElo "2369"]
[Result "0-1"]
[Round "3"]
[TimeControl "180+2"]
[Date "2023.06.06"]
[WhiteClock "0:00:01"]
[BlackClock "0:00:29"]
[Board "19"]

1. c4 e5 2. Nc3 Nf6 3. Nf3 e4 4. Ng5 c6 5. Ngxe4 Nxe4 6. Nxe4 d5 7. cxd5 cxd5 8. Ng3 h5 9. e3 h4 10. Ne2 Qf6 11. h3 Nc6 12. d4 Bd6 13. Nc3 Qg6 14. a3 Bf5 15. Bd2 O-O 16. Qf3 Rfe8 17. Be2 Bd3 18. O-O Bxe2 19. Nxe2 Qc2 20. Bc3 Ne7 21. Nf4 Bxf4 22. Qxf4 Ng6 23. Qf3 Re4 24. Rac1 Qb3 25. Rfd1 Rae8 26. Rd2 R8e6 27. Bb4 Rc6 28. Rxc6 bxc6 29. Qd1 Qc4 30. Rc2 Qa6 31. Qc1 Re6 32. Rc5 Rf6 33. Qc2 Qb7 34. Ra5 a6 35. Qe2 c5 36. Bxc5 Qc8 37. Ra4 Qe6 38. Rb4 Qf5 39. Rb8+ Kh7 40. Re8 Kh6 41. b4 Qd7 42. Ra8 Qa4 43. Ra7 Qb3 44. f3 Re6 45. e4 Nf4 46. Qd2 g5 47. e5 Nh5 48. Rxf7 Ng3 0-1


[Site "https://www.chess.com"]

[Event "Titled Tuesday Blitz June 6 Early 2023"]
[White "Elsa167"]
[Black "Kleiman, Jake"]
[BlackFideId "2020041"]
[WhiteElo "2915"]
[BlackElo "2676"]
[Result "1-0"]
[Round "3"]
[TimeControl "180+2"]
[Date "2023.06.06"]
[WhiteClock "0:00:08"]
[BlackClock "0:00:02"]
[Board "20"]

1. d4 Nf6 2. c4 e6 3. Nc3 Bb4 4. Qb3 c5 5. dxc5 Na6 6. a3 Bxc3+ 7. Qxc3 Nxc5 8. f3 d6 9. b4 Ncd7 10. e4 O-O 11. Bd3 Qc7 12. Ne2 b6 13. O-O Bb7 14. Bf4 Rac8 15. Rac1 Rfd8 16. Rfd1 Ne5 17. Bxe5 dxe5 18. Bb1 g6 19. Qe3 Rxd1+ 20. Rxd1 Qxc4 21. h3 Kg7 22. Kh2 Qc7 23. Ng3 Rd8 24. Rc1 Qd6 25. Qg5 Qd2 26. Qxd2 Rxd2 27. Rc7 Rd7 28. Rc3 Kf8 29. Bd3 Ne8 30. Bb5 Rc7 31. Rd3 Ke7 32. Nf1 Nd6 33. Ba4 f5 34. exf5 gxf5 35. Ne3 e4 36. fxe4 Bxe4 37. Rd2 Rc3 38. Nf1 Rxa3 39. Bd1 Nc4 40. Rd4 Ne3 41. Nxe3 Rxe3 42. b5 Ra3 43. Be2 Ra2 44. Bf1 Bd5 45. Rh4 Kd6 46. Rxh7 f4 47. Kg1 Ke5 48. h4 Be4 49. Rf7 Bf5 50. h5 Ra1 51. Kf2 Ra2+ 52. Kg1 Rc2 53. h6 Rc8 54. Rxa7 Kd6 55. Rb7 Kc5 56. h7 Rh8 57. Rc7+ Kd5 58. Rc6 Rxh7 59. Rxb6 Rc7 60. Rb8 Rc1 61. Kf2 Rc2+ 62. Kf3 e5 63. Rd8+ Kc5 64. g4 1-0


[Site "https://www.chess.com"]

[Event "Titled Tuesday Blitz June 6 Early 2023"]
[White "Aravindh, Chithambaram VR."]
[Black "Ashraf, Artin"]
[WhiteFideId "5072786"]
[BlackFideId "22514805"]
[WhiteElo "2596"]
[BlackElo "2224"]
[Result "1-0"]
[Round "3"]
[TimeControl "180+2"]
[Date "2023.06.06"]
[WhiteClock "0:00:43"]
[BlackClock "0:00:02"]
[Board "21"]

1. b3 d5 2. Bb2 Nc6 3. Nf3 Bg4 4. d4 Bxf3 5. exf3 e6 6. Nd2 Bd6 7. g3 Qf6 8. f4 Nxd4 9. Rb1 c5 10. Bg2 Qg6 11. O-O Ne7 12. b4 b6 13. c3 Ndc6 14. bxc5 bxc5 15. Ne4 Bxf4 16. Nxc5 Bc7 17. c4 O-O 18. cxd5 exd5 19. Re1 Rad8 20. Ba3 Bb6 21. Na4 Ba5 22. Rxe7 Nxe7 23. Bxe7 Rde8 24. Bxf8 Re1+ 25. Qxe1 Bxe1 26. Rxe1 Kxf8 27. Bxd5 Qd3 28. Bb3 g6 29. Rd1 Qe4 30. Nc5 Qc6 31. Nd7+ Ke7 32. Ne5 Qe4 33. Nxf7 1-0


[Site "https://www.chess.com"]

[Event "Titled Tuesday Blitz June 6 Early 2023"]
[White "Kashlinskaya, Alina"]
[Black "Terry, Renato"]
[WhiteFideId "4198026"]
[BlackFideId "3803457"]
[WhiteElo "2383"]
[BlackElo "2575"]
[Result "1/2-1/2"]
[Round "3"]
[TimeControl "180+2"]
[Date "2023.06.06"]
[WhiteClock "0:00:19"]
[BlackClock "0:00:11"]
[Board "22"]

1. Nf3 d5 2. g3 Nf6 3. Bg2 c6 4. O-O Bg4 5. d4 Nbd7 6. h3 Bh5 7. c4 e6 8. cxd5 cxd5 9. Nc3 Be7 10. Bf4 O-O 11. Rc1 a6 12. Qb3 Qb6 13. Qxb6 Nxb6 14. g4 Bg6 15. Ne5 Rac8 16. h4 h5 17. g5 Ne4 18. Nxg6 fxg6 19. e3 Nxc3 20. Rxc3 Na4 21. Rxc8 Rxc8 22. e4 Nb6 23. Rc1 Rxc1+ 24. Bxc1 Kf7 25. Kf1 Bd6 26. Ke2 Ke7 27. Kd3 Kd7 28. b3 Kc6 29. Bd2 Nd7 30. Kc3 Nb6 31. Kd3 Nd7 32. Ke3 Nf8 33. Bf1 Be7 34. Bd3 Bd6 35. Ba5 Be7 36. a4 Kd7 37. b4 Kc8 38. b5 axb5 39. Bxb5 Nd7 40. Bd3 Nf8 41. Bc3 Bd6 42. a5 Bh2 43. Bc2 Bd6 44. Bb3 dxe4 45. Kxe4 Kd7 46. d5 Ke7 47. Bxg7 Nd7 48. Bc2 e5 49. Bh8 Kf7 50. f4 exf4 51. Bd4 Nc5+ 52. Bxc5 Bxc5 53. Kxf4 Bd6+ 54. Ke4 Bg3 55. Ba4 Ke7 56. Bb5 Bxh4 57. Kf4 Be1 58. a6 bxa6 59. Bxa6 Bd2+ 60. Kg3 Bxg5 61. Bd3 Kf7 62. Bxg6+ Kxg6 63. d6 Bd8 64. d7 Kf5 65. Kh3 Ke6 66. Kh2 Kxd7 67. Kh3 Ke6 68. Kh2 Kf5 69. Kh1 Ke4 70. Kg1 Kf3 71. Kh1 Kg3 72. Kg1 Kh3 73. Kh1 Bc7 74. Kg1 Bh2+ 75. Kh1 Bg1 76. Kxg1 h4 77. Kh1 Kg3 78. Kg1 h3 79. Kh1 Kg4 80. Kg1 h2+ 81. Kxh2 1/2-1/2


[Site "https://www.chess.com"]

[Event "Titled Tuesday Blitz June 6 Early 2023"]
[White "Samadov, Read"]
[Black "Souleidis, Georgios"]
[WhiteFideId "13417444"]
[BlackFideId "4206827"]
[WhiteElo "2355"]
[BlackElo "2401"]
[Result "1-0"]
[Round "3"]
[TimeControl "180+2"]
[Date "2023.06.06"]
[WhiteClock "0:00:18"]
[BlackClock "0:00:02"]
[Board "23"]

1. d4 Nf6 2. c4 g6 3. Nc3 Bg7 4. e4 d6 5. Be2 O-O 6. Be3 e5 7. d5 Na6 8. h4 Nc5 9. Qc2 Ng4 10. Bxg4 Bxg4 11. f3 Bd7 12. Nge2 a5 13. h5 Bf6 14. Qd2 Bg7 15. g4 c6 16. O-O-O cxd5 17. Nxd5 Bc6 18. Nec3 Ne6 19. hxg6 fxg6 20. Qh2 Kf7 21. Kb1 Rh8 22. f4 exf4 23. Bxf4 Nxf4 24. Qxf4+ Kg8 25. c5 Be5 26. Qe3 h6 27. cxd6 Kg7 28. Nc7 Qg8 29. Nxa8 Qxa8 30. Ka1 Qf8 31. Rhf1 Qd8 32. Qf2 Qd7 33. Qc5 Re8 34. Nd5 a4 35. Ne7 Qe6 36. a3 Bxe4 37. Qb4 Bc6 38. Nxc6 bxc6 39. Qb7+ Kg8 40. d7 Rd8 41. Rfe1 1-0


[Site "https://www.chess.com"]

[Event "Titled Tuesday Blitz June 6 Early 2023"]
[White "Korchmar, Vasiliy"]
[Black "Talibov, Shiroghlan"]
[WhiteFideId "24131750"]
[BlackFideId "13429078"]
[WhiteElo "2370"]
[BlackElo "2274"]
[Result "0-1"]
[Round "3"]
[TimeControl "180+2"]
[Date "2023.06.06"]
[WhiteClock "0:00:01"]
[BlackClock "0:00:11"]
[Board "24"]

1. e4 c5 2. Nf3 a6 3. g3 b5 4. Bg2 Bb7 5. Qe2 g6 6. O-O Bg7 7. c3 Nc6 8. Rd1 e5 9. Na3 Nge7 10. Nc2 O-O 11. d4 cxd4 12. cxd4 exd4 13. Ncxd4 Re8 14. Bg5 Qb6 15. Be3 Nxd4 16. Bxd4 Bxd4 17. Rxd4 d5 18. e5 Nf5 19. Rd2 Rad8 20. Rad1 f6 21. Bh3 Ng7 22. Re1 d4 23. Qd3 Bxf3 24. Qxf3 fxe5 25. Rde2 Qd6 26. Qb3+ Kh8 27. f4 exf4 28. Rxe8+ Rxe8 29. Rxe8+ Nxe8 30. Qf7 Ng7 31. gxf4 d3 32. Bg4 d2 33. Bd1 h6 34. Kf2 Nf5 35. Bb3 Qxf4+ 36. Ke2 Nd4+ 37. Kd1 Qxf7 38. Bxf7 Kg7 39. Bd5 Kf6 40. Kxd2 Ke5 41. Bf7 g5 42. Kc3 a5 43. Be8 Kd5 44. Kd3 Ke5 45. Bd7 Kd5 46. Be8 Nf3 47. h3 Ne5+ 48. Ke3 Nc4+ 0-1


[Site "https://www.chess.com"]

[Event "Titled Tuesday Blitz June 6 Early 2023"]
[White "Bodi, Tibor"]
[Black "Tang, Andrew"]
[WhiteFideId "701084"]
[BlackFideId "2059630"]
[WhiteElo "2187"]
[BlackElo "2600"]
[Result "0-1"]
[Round "3"]
[TimeControl "180+2"]
[Date "2023.06.06"]
[WhiteClock "0:00:05"]
[BlackClock "0:00:06"]
[Board "25"]

1. e4 e5 2. Nf3 Nc6 3. Bb5 g6 4. O-O Bg7 5. b3 Nf6 6. Bb2 d6 7. d4 O-O 8. Bxc6 bxc6 9. dxe5 Nxe4 10. Re1 d5 11. Nbd2 Nxd2 12. Qxd2 Re8 13. Qf4 c5 14. Rad1 Bb7 15. e6 f6 16. h4 Qd6 17. Qxd6 cxd6 18. Re2 Re7 19. Rde1 Rae8 20. Nd2 Ba6 21. c4 d4 22. f4 Bc8 23. Kf2 Rxe6 24. Rxe6 Bxe6 25. Ne4 Rd8 26. Nxf6+ Bxf6 27. Rxe6 Kf7 28. Re2 Bxh4+ 29. g3 Bf6 30. Kf3 d5 31. Rc2 d3 32. Rd2 Bxb2 33. Rxd3 d4 34. Ke4 Bc3 35. g4 Ke6 36. f5+ gxf5+ 37. gxf5+ Kf6 38. Rh3 Re8+ 39. Kd5 Kxf5 40. Kxc5 Rd8 41. Rh5+ Ke4 42. Rxh7 d3 43. Re7+ Be5 44. Rd7 Rxd7 0-1


[Site "https://www.chess.com"]

[Event "Titled Tuesday Blitz June 6 Early 2023"]
[White "Jeet, Jain"]
[Black "Ahmadzada, Ahmad"]
[WhiteFideId "5073022"]
[BlackFideId "13413007"]
[WhiteElo "2067"]
[BlackElo "2388"]
[Result "0-1"]
[Round "3"]
[TimeControl "180+2"]
[Date "2023.06.06"]
[WhiteClock "0:00:16"]
[BlackClock "0:01:43"]
[Board "26"]

1. d4 Nf6 2. Nf3 g6 3. g3 Bg7 4. Bg2 O-O 5. O-O c5 6. c3 b6 7. Nbd2 Bb7 8. Re1 d5 9. Ne5 Nbd7 10. Nxd7 Nxd7 11. Nf3 e6 12. Bf4 Qe7 13. h4 h6 14. Qd2 Kh7 15. Rac1 Rfc8 16. Qd3 Nf6 17. Be5 Ne4 18. Bxg7 Kxg7 19. Nd2 Nd6 20. e4 dxe4 21. Nxe4 Bxe4 22. Bxe4 Rab8 23. h5 g5 24. d5 e5 25. c4 Rf8 26. Bf5 Rbe8 27. f3 Qf6 28. Be4 Re7 29. Rc2 a6 30. a4 Rb7 31. Rf2 Qd8 32. Bf5 b5 33. axb5 axb5 34. b3 Qf6 35. Be4 bxc4 36. bxc4 Qd8 37. Bf5 Qf6 38. Be4 Rfb8 39. Rc1 Rb3 40. Qe2 Qe7 41. Bc2 Rc3 42. f4 Rxg3+ 43. Kh2 gxf4 44. Kh1 Kh8 45. Rxf4 Rbg8 46. Rf2 Qg5 47. Qd1 Rh3+ 0-1


[Site "https://www.chess.com"]

[Event "Titled Tuesday Blitz June 6 Early 2023"]
[White "Grigorjev, Iljya"]
[Black "Hua, Lefong"]
[WhiteFideId "24159565"]
[BlackFideId "2602253"]
[WhiteElo "2323"]
[BlackElo "2647"]
[Result "1-0"]
[Round "3"]
[TimeControl "180+2"]
[Date "2023.06.06"]
[WhiteClock "0:00:33"]
[BlackClock "0:00:07"]
[Board "27"]

1. d4 Nf6 2. c4 c5 3. d5 e6 4. Nc3 exd5 5. cxd5 d6 6. e4 g6 7. f4 Bg7 8. Bb5+ Nbd7 9. e5 dxe5 10. fxe5 Nh5 11. e6 Qh4+ 12. g3 Nxg3 13. hxg3 Bxc3+ 14. bxc3 Qxh1 15. Be3 a6 16. exd7+ Bxd7 17. Bxd7+ Kxd7 18. Qa4+ b5 19. Qf4 Rae8 20. O-O-O Qe4 21. Bxc5 Qxf4+ 22. gxf4 Re4 23. Nf3 f6 24. f5 Rf4 25. Nd4 Rc8 26. Bb4 gxf5 27. Kd2 a5 28. Bxa5 Kd6 29. Nxb5+ Kc5 30. Nd4 Kxd5 31. Bb4 Ra8 32. a3 Rf2+ 33. Ke3 Rh2 34. Nf3+ 1-0


[Site "https://www.chess.com"]

[Event "Titled Tuesday Blitz June 6 Early 2023"]
[White "Sadykov, Ramil"]
[Black "Nguyen, Ngoc Truong Son"]
[WhiteFideId "24113590"]
[BlackFideId "12401110"]
[WhiteElo "2245"]
[BlackElo "2556"]
[Result "0-1"]
[Round "3"]
[TimeControl "180+2"]
[Date "2023.06.06"]
[WhiteClock "0:00:07"]
[BlackClock "0:00:12"]
[Board "28"]

1. Nf3 d5 2. c4 dxc4 3. Qa4+ Qd7 4. Qxc4 Qc6 5. Qxc6+ Nxc6 6. a3 e5 7. Nc3 Be6 8. d3 f6 9. g3 g5 10. Bg2 g4 11. Nd2 Nd4 12. O-O O-O-O 13. b4 h5 14. f3 Bh6 15. Nde4 gxf3 16. Bxf3 b6 17. Bxh6 Rxh6 18. h4 Ne7 19. Kf2 Rg8 20. e3 Nxf3 21. Kxf3 Nd5 22. Rac1 Rhg6 23. Rg1 Kb7 24. Kf2 Rd8 25. Nxd5 Rxd5 26. Rc3 Bf5 27. Rgc1 Rd7 28. Kf3 Bxe4+ 29. dxe4 a6 30. R1c2 Rdg7 31. Kf2 Rxg3 32. Rxc7+ Rxc7 33. Rxc7+ Kxc7 34. Kxg3 Kc6 35. a4 a5 36. b5+ Kc5 0-1


[Site "https://www.chess.com"]

[Event "Titled Tuesday Blitz June 6 Early 2023"]
[White "Svane, Frederik"]
[Black "Melikyan, Gnel"]
[WhiteFideId "12923044"]
[BlackFideId "54109990"]
[WhiteElo "2502"]
[BlackElo "2138"]
[Result "0-1"]
[Round "3"]
[TimeControl "180+2"]
[Date "2023.06.06"]
[WhiteClock "0:00:06"]
[BlackClock "0:01:16"]
[Board "29"]

1. c4 Nf6 2. Nc3 g6 3. e4 d6 4. d4 Bg7 5. Be2 O-O 6. Be3 c5 7. d5 e6 8. Nf3 exd5 9. cxd5 Re8 10. Nd2 a6 11. a4 Nbd7 12. O-O b6 13. Qc2 Bb7 14. Rae1 h5 15. h3 Qc7 16. Nc4 Ne5 17. Na3 Ned7 18. f4 Nxd5 19. Nxd5 Bxd5 20. Bf3 Bc6 21. f5 Ne5 22. fxg6 fxg6 23. Be2 Kh7 24. Kh1 Qb7 25. Bf3 Nxf3 26. gxf3 d5 27. Rg1 dxe4 28. Nc4 Re6 29. f4 Rf8 30. Qb3 Bd5 31. Qc2 Bd4 32. Rg5 Rf5 33. Reg1 Qf7 34. Bxd4 cxd4 35. Ne5 e3+ 36. Kh2 Rexe5 37. fxe5 Rf2+ 38. Kg3 Qf4# 0-1


[Site "https://www.chess.com"]

[Event "Titled Tuesday Blitz June 6 Early 2023"]
[White "Vlassov, Nikolai"]
[Black "Galchenko, Matvey"]
[WhiteFideId "4103360"]
[BlackFideId "24175480"]
[WhiteElo "2324"]
[BlackElo "2423"]
[Result "0-1"]
[Round "3"]
[TimeControl "180+2"]
[Date "2023.06.06"]
[WhiteClock "0:00:12"]
[BlackClock "0:00:50"]
[Board "30"]

1. e4 e6 2. d4 d5 3. exd5 exd5 4. Nf3 Nf6 5. c4 Bb4+ 6. Nc3 O-O 7. Bd3 dxc4 8. Bxc4 Bg4 9. O-O Nc6 10. Bg5 h6 11. Bh4 Be7 12. Bxf6 Bxf6 13. d5 Nd4 14. Kh1 Re8 15. h3 Bxf3 16. gxf3 Qd7 17. Kg2 Nf5 18. Ne4 Nh4+ 19. Kg3 Be5+ 20. f4 Bxf4+ 21. Kxf4 Qf5+ 22. Kg3 Rxe4 23. f4 Re3+ 24. Kf2 Qxf4+ 0-1


[Site "https://www.chess.com"]

[Event "Titled Tuesday Blitz June 6 Early 2023"]
[White "Manukyan, Sargis V."]
[Black "Fridman, Daniel"]
[WhiteFideId "13303465"]
[BlackFideId "11600454"]
[WhiteElo "2236"]
[BlackElo "2538"]
[Result "1-0"]
[Round "3"]
[TimeControl "180+2"]
[Date "2023.06.06"]
[WhiteClock "0:00:22"]
[BlackClock "0:00:29"]
[Board "31"]

1. d4 d5 2. c4 e6 3. Nf3 Nf6 4. g3 Be7 5. Bg2 O-O 6. O-O dxc4 7. Qc2 b5 8. a4 b4 9. Ne5 Qxd4 10. Bxa8 Qxe5 11. Bf4 Qh5 12. Bf3 Ng4 13. Bxg4 Qxg4 14. Nd2 e5 15. Bxe5 Nc6 16. Nxc4 Bf5 17. Ne3 Bxc2 18. Nxg4 Bf5 19. Ne3 Bh3 20. Bxc7 Bxf1 21. Kxf1 Bf6 22. Rc1 Nd4 23. Nd5 Rc8 24. Rc4 Ne6 25. b3 Bc3 26. Ne7+ 1-0


[Site "https://www.chess.com"]

[Event "Titled Tuesday Blitz June 6 Early 2023"]
[White "Lee, Qing Aun"]
[Black "Sanal, Vahap"]
[WhiteFideId "5804167"]
[BlackFideId "6300545"]
[WhiteElo "2179"]
[BlackElo "2606"]
[Result "0-1"]
[Round "3"]
[TimeControl "180+2"]
[Date "2023.06.06"]
[WhiteClock "0:00:05"]
[BlackClock "0:01:55"]
[Board "32"]

1. d4 d6 2. Nc3 Nf6 3. e4 e5 4. Nf3 Nbd7 5. Be2 Be7 6. h3 O-O 7. Be3 c6 8. O-O b5 9. a3 Bb7 10. Qd2 a5 11. b4 axb4 12. axb4 Qc7 13. d5 Nb6 14. dxc6 Bxc6 15. Bxb5 Nxe4 16. Nxe4 Bxb5 17. Rfd1 Nc4 18. Qd5 Nxe3 19. fxe3 Bc6 20. Qd3 Rxa1 21. Rxa1 d5 22. Nc3 e4 23. Nxd5 Bxd5 24. Qxd5 exf3 25. Qxf3 Qxc2 26. b5 Bf6 27. Ra8 Qc1+ 28. Kh2 Be5+ 29. g3 Qd2+ 30. Kg1 Qc1+ 31. Kg2 Qb2+ 32. Kg1 Qxb5 33. Rxf8+ Kxf8 34. Qa8+ Bb8 0-1


[Site "https://www.chess.com"]

[Event "Titled Tuesday Blitz June 6 Early 2023"]
[White "Mitrabha, Guha"]
[Black "Agibileg, Uurtsaikh"]
[WhiteFideId "5057000"]
[BlackFideId "4901606"]
[WhiteElo "2507"]
[BlackElo "2353"]
[Result "1-0"]
[Round "3"]
[TimeControl "180+2"]
[Date "2023.06.06"]
[WhiteClock "0:00:51"]
[BlackClock "0:00:44"]
[Board "33"]

1. d4 Nf6 2. Nf3 g6 3. g3 Bg7 4. Bg2 O-O 5. O-O d6 6. c4 c5 7. Nc3 cxd4 8. Nxd4 Qa5 9. Nc2 Nc6 10. Ne3 Be6 11. Bd2 Rfc8 12. b3 a6 13. Ned5 Qd8 14. Rc1 Rab8 15. Be3 b5 16. cxb5 axb5 17. Nxf6+ Bxf6 18. Nxb5 Rxb5 19. Rxc6 Rxc6 20. Bxc6 Ra5 21. Qd2 Ra6 22. Bb7 Ra3 23. Be4 h5 24. h4 d5 25. Rd1 Ra6 26. Bf3 Qa8 27. a4 Qb8 28. Qd3 d4 29. Qxa6 dxe3 30. Qa8 exf2+ 31. Kxf2 Qxa8 32. Bxa8 Bxb3 33. Rd8+ 1-0


[Site "https://www.chess.com"]

[Event "Titled Tuesday Blitz June 6 Early 2023"]
[White "Darini, Pouria"]
[Black "demon64fields"]
[WhiteFideId "12502200"]
[WhiteElo "2482"]
[BlackElo "2856"]
[Result "1-0"]
[Round "3"]
[TimeControl "180+2"]
[Date "2023.06.06"]
[WhiteClock "0:00:06"]
[BlackClock "0:01:05"]
[Board "34"]

1. e4 e6 2. d4 d5 3. Nc3 Bb4 4. e5 c5 5. a3 Bxc3+ 6. bxc3 Nc6 7. Qg4 g6 8. a4 Bd7 9. h4 h6 10. Nf3 Qa5 11. Bd2 c4 12. Qf4 Nge7 13. Be2 O-O-O 14. O-O Rdg8 15. g3 Nf5 16. Kg2 Rg7 17. Rh1 Rhg8 18. Be1 g5 19. hxg5 hxg5 20. Qc1 g4 21. Nh4 Nce7 22. Bd2 Nxh4+ 23. Rxh4 Nf5 24. Rh5 Bc6 25. Be1 a6 26. Qa3 Kb8 27. Qc1 Ka8 28. Qf4 Qb6 29. Qc1 Qd8 30. Bd2 Rh8 31. Qh1 Rhg8 32. a5 Qd7 33. Rh7 Rg6 34. Qh5 Ba4 35. Ra2 Bb5 36. Rh8 Ka7 37. Rxg8 Rxg8 38. Ra1 Qe7 39. Bxg4 f6 40. Bxf5 exf5 41. Bf4 fxe5 42. Bxe5 f4 43. Bxf4 Qe4+ 44. Qf3 Qf5 45. Re1 Bc6 46. Bb8+ Rxb8 47. Qxf5 Rd8 48. Re7 Ba4 49. g4 Rg8 50. Qxd5 Rb8 51. g5 Bxc2 52. f4 Ba4 53. Qc5+ Ka8 54. f5 Bc6+ 55. d5 Ba4 56. f6 Bc2 57. f7 Bg6 58. Kg3 Rf8 59. Qb6 1-0


[Site "https://www.chess.com"]

[Event "Titled Tuesday Blitz June 6 Early 2023"]
[White "Beerdsen, Thomas"]
[Black "Mortazavi, Ali"]
[WhiteFideId "1030108"]
[BlackFideId "401323"]
[WhiteElo "2553"]
[BlackElo "2339"]
[Result "1-0"]
[Round "3"]
[TimeControl "180+2"]
[Date "2023.06.06"]
[WhiteClock "0:00:55"]
[BlackClock "0:00:17"]
[Board "35"]

1. e4 c6 2. d4 d5 3. f3 Qb6 4. Nc3 e6 5. a3 Nd7 6. Be3 Ngf6 7. Qd2 Qxb2 8. Rb1 Qxa3 9. Bd3 dxe4 10. fxe4 e5 11. Nf3 Qa5 12. O-O Be7 13. Bc4 O-O 14. Nd5 Qd8 15. Nxe7+ Qxe7 16. dxe5 Nxe5 17. Nxe5 Qxe5 18. Bd4 Qxe4 19. Rbe1 Qg4 20. Rf4 Qg5 21. h4 Qh6 22. Bxf6 gxf6 23. Rg4+ Qg6 24. Rxg6+ hxg6 25. Qh6 Bf5 26. Rf1 Rae8 27. Rxf5 gxf5 28. Qg6+ Kh8 29. Qxf6+ Kg8 30. Qg6+ Kh8 31. Bxf7 1-0


[Site "https://www.chess.com"]

[Event "Titled Tuesday Blitz June 6 Early 2023"]
[White "Yeletsky, Ivan"]
[Black "Bethke, Richard"]
[WhiteFideId "24180327"]
[BlackFideId "12959243"]
[WhiteElo "2380"]
[BlackElo "2369"]
[Result "1-0"]
[Round "3"]
[TimeControl "180+2"]
[Date "2023.06.06"]
[WhiteClock "0:00:06"]
[BlackClock "0:00:01"]
[Board "36"]

1. d4 Nf6 2. Nc3 d5 3. Bf4 a6 4. e3 e6 5. g4 Bb4 6. Ne2 Ne4 7. a3 Qh4 8. Bg3 Bxc3+ 9. bxc3 Qxg4 10. Rg1 Nc6 11. Bxc7 Ng5 12. Bg2 Ne4 13. Bxe4 Qxe4 14. Rxg7 Bd7 15. Qd3 Rc8 16. Bd6 Qh4 17. O-O-O Ne7 18. Rdg1 Ng6 19. Nf4 Qxf2 20. Rf1 Qxh2 21. Nxg6 Qxd6 22. Nxh8 Qxa3+ 23. Kd2 Bb5 24. Rg8+ Kd7 25. Rxf7+ Kd6 26. Rxc8 Bxd3 27. Kxd3 Qc1 28. Ke2 Qxc2+ 29. Kf3 Qd1+ 30. Kf4 h5 31. Kg5 Qg4+ 32. Kh6 h4 33. Rg7 Qe2 34. Nf7+ Kd7 35. Rd8+ Kc6 36. Rh8 Qxe3+ 37. Kh7 h3 38. Ne5+ Kb5 39. Kg8 Qxc3 40. Rxb7+ Ka5 41. Rbh7 Qc8+ 42. Kg7 Qc7+ 43. Kf6 Qc3 44. Rxh3 Qe1 45. R8h4 Kb6 46. Kxe6 a5 47. Rb3+ Ka6 48. Rh8 Ka7 49. Rb5 a4 50. Rxd5 a3 51. Rd7+ Kb6 52. Rb8+ Ka6 53. Ra8+ Kb6 54. Rxa3 Qf1 55. Rd6+ 1-0


[Site "https://www.chess.com"]

[Event "Titled Tuesday Blitz June 6 Early 2023"]
[White "Liu, Casper"]
[Black "Kravtsiv, Martyn"]
[WhiteFideId "1454153"]
[BlackFideId "14113147"]
[WhiteElo "2221"]
[BlackElo "2695"]
[Result "0-1"]
[Round "3"]
[TimeControl "180+2"]
[Date "2023.06.06"]
[WhiteClock "0:00:14"]
[BlackClock "0:01:23"]
[Board "37"]

1. d4 d5 2. Bf4 Nf6 3. e3 e6 4. Nd2 c5 5. c3 Nc6 6. Bd3 Bd6 7. Bg3 e5 8. dxe5 Nxe5 9. Bxe5 Bxe5 10. Ngf3 Bc7 11. e4 O-O 12. O-O Re8 13. exd5 Qxd5 14. Qc2 Rd8 15. Bc4 Qh5 16. Ne4 Bg4 17. Neg5 Bxh2+ 18. Nxh2 Qxg5 19. Qb3 Rd7 20. Rfe1 h5 21. Nf1 h4 22. Ne3 Bf3 23. Kf1 Ne4 24. Qb5 Nd2+ 25. Kg1 Bc6 26. Qa5 Nxc4 0-1


[Site "https://www.chess.com"]

[Event "Titled Tuesday Blitz June 6 Early 2023"]
[White "Jaskolka, Tomasz"]
[Black "Harutjunyan, Gevorg"]
[WhiteFideId "1170791"]
[BlackFideId "13300873"]
[WhiteElo "2155"]
[BlackElo "2474"]
[Result "0-1"]
[Round "3"]
[TimeControl "180+2"]
[Date "2023.06.06"]
[WhiteClock "0:00:01"]
[BlackClock "0:00:23"]
[Board "38"]

1. d4 Nf6 2. c4 g6 3. g3 Bg7 4. Bg2 O-O 5. Nf3 d6 6. Nc3 c6 7. O-O Qa5 8. h3 Be6 9. Qd3 d5 10. cxd5 cxd5 11. Bd2 Nc6 12. a3 Bf5 13. Qe3 Qb6 14. b4 Be4 15. Ne5 Nxe5 16. dxe5 d4 17. Qf4 Bxg2 18. exf6 Bxf6 19. Kxg2 dxc3 20. Be3 Qb5 21. Rfe1 Rac8 22. Rac1 c2 23. h4 Bb2 24. h5 Qd5+ 25. f3 Bxc1 26. Bxc1 g5 27. Qe3 h6 28. Kh2 Qe6 29. Qd3 Rfd8 30. Qb5 Rd1 31. Bxg5 Rxe1 32. Bf4 Qxe2+ 33. Kh3 Qxb5 0-1


[Site "https://www.chess.com"]

[Event "Titled Tuesday Blitz June 6 Early 2023"]
[White "Koutlas, Nikolaos"]
[Black "Gorovets, Andrey"]
[WhiteFideId "25827138"]
[BlackFideId "13504037"]
[WhiteElo "2215"]
[BlackElo "2459"]
[Result "1/2-1/2"]
[Round "3"]
[TimeControl "180+2"]
[Date "2023.06.06"]
[WhiteClock "0:00:09"]
[BlackClock "0:00:23"]
[Board "39"]

1. c4 Nf6 2. Nc3 c5 3. g3 e6 4. Nf3 b6 5. Bg2 Bb7 6. O-O Be7 7. d4 cxd4 8. Nxd4 Bxg2 9. Kxg2 Qc8 10. b3 d5 11. Ndb5 a6 12. Nd4 dxc4 13. Bf4 O-O 14. Kg1 Rd8 15. e3 Nc6 16. Nxc6 Qxc6 17. Qc2 Nd7 18. g4 Rac8 19. Ne2 e5 20. Bg3 cxb3 21. Qxb3 Nc5 22. Qc2 Qe6 23. h3 Nd3 24. Qb3 Qxb3 25. axb3 Rc2 26. Nc1 Nxc1 27. Rfxc1 Rxc1+ 28. Rxc1 f6 29. Rc6 Bc5 30. g5 Kf7 31. gxf6 gxf6 32. Rxf6+ Kxf6 33. Bh4+ Ke6 34. Bxd8 b5 35. Kf1 Bb4 36. Ke2 a5 37. Kd3 a4 38. bxa4 bxa4 39. Kc4 a3 40. Kb3 e4 41. Bb6 Be1 42. Kxa3 Bxf2 43. Kb3 Kd5 44. Kc3 Bg3 45. Kd2 Be5 46. Ke2 Ke6 47. Bd8 Kf5 48. Be7 Ke6 49. Bd8 Kf5 50. Be7 Ke6 51. Bd8 1/2-1/2


[Site "https://www.chess.com"]

[Event "Titled Tuesday Blitz June 6 Early 2023"]
[White "Hambleton, Aman"]
[Black "KorolDimitriy75"]
[WhiteFideId "2606577"]
[WhiteElo "2511"]
[BlackElo "2465"]
[Result "1-0"]
[Round "3"]
[TimeControl "180+2"]
[Date "2023.06.06"]
[WhiteClock "0:00:29"]
[BlackClock "0:00:04"]
[Board "40"]

1. d4 Nf6 2. Bf4 c5 3. e3 Qb6 4. Na3 Qxb2 5. Nb5 Nd5 6. Rb1 Qxa2 7. Ra1 Qb2 8. Rb1 Qa2 9. c4 Qa5+ 10. Qd2 Qxd2+ 11. Kxd2 Nxf4 12. Nc7+ Kd8 13. Nxa8 Ne6 14. Nf3 d6 15. d5 Nc7 16. Ng5 Nxa8 17. Nxf7+ Ke8 18. Nxh8 g6 19. Bd3 Bg7 20. Nxg6 hxg6 21. Bxg6+ Kf8 22. h4 Nd7 23. Bf5 Nab6 24. Rbc1 Ne5 25. Bxc8 Nxc8 26. f4 Ng4 27. Ke2 b6 28. Kf3 Nf6 29. g4 Kf7 30. g5 Nh5 31. Kg4 Nxf4 32. exf4 e5 33. dxe6+ Kxe6 34. f5+ Kf7 35. f6 Bf8 36. Kf5 1-0


[Site "https://www.chess.com"]

[Event "Titled Tuesday Blitz June 6 Early 2023"]
[White "Chan, Kim Yew"]
[Black "Bryakin, Mikhail"]
[WhiteFideId "5717981"]
[BlackFideId "4165314"]
[WhiteElo "2206"]
[BlackElo "2464"]
[Result "0-1"]
[Round "3"]
[TimeControl "180+2"]
[Date "2023.06.06"]
[WhiteClock "0:00:04"]
[BlackClock "0:01:10"]
[Board "41"]

1. Nf3 Nf6 2. c4 g6 3. d4 Bg7 4. g3 O-O 5. Bg2 d6 6. Nc3 Bf5 7. Nh4 Bc8 8. Nf3 c6 9. e4 e5 10. O-O Nbd7 11. Re1 a5 12. b3 Qc7 13. h3 Re8 14. Be3 b6 15. Qc2 Ba6 16. Rad1 h6 17. d5 c5 18. Nd2 Nh5 19. Kh2 Rf8 20. f4 exf4 21. gxf4 Rae8 22. e5 dxe5 23. f5 Nf4 24. fxg6 fxg6 25. Be4 g5 26. Rf1 Nf6 27. Nf3 Bc8 28. Ng1 Qd7 29. d6 Nxe4 30. Qxe4 Bb7 31. Qc2 Rf6 32. Ne4 Bxe4 33. Qxe4 Rxd6 34. Qf3 Rd8 35. Rxd6 Qxd6 36. Qe4 Qd3 37. Qxd3 Rxd3 38. Re1 Kf7 39. Nf3 Ke6 40. Nd2 Kf5 41. Kg3 e4 42. Kf2 Bc3 43. Rd1 Nxh3+ 44. Ke2 Nf4+ 45. Kf2 Rxe3 46. Kxe3 Bd4# 0-1


[Site "https://www.chess.com"]